Blackdemons vs Knights

Created - 19 novembre 2014 at 22:44

Goals
1 2 3 OT1 T
Blackdemons 1 1 2 1 5
Knights 1 2 1 0 4
Shots
1 2 3 OT1 T
Blackdemons 6 11 9 2 28
Knights 12 16 11 0 39

1st period

1. Knights , Alex Chiasson 9 (Zbynek Michalek, Kyle Greentree) at 16:29 (PP)
2. Blackdemons , Wayne Primeau 3 (Barry Tallackson) at 17:00

Penalties :
Michael Kostka (MJM) for Roughing (Minor) at 11:12, Enver Lisin (MJM) for High sticking (Minor) at 16:21, Zach Boychuk (MJM) for Hooking (Minor) at 17:22

2nd period

3. Knights , Colton Gillies 2 (Joe Colborne, Tomas Kundratek) at 6:44
4. Knights , Zack Hamill 12 (Kyle Greentree) at 7:18 (PP)
5. Blackdemons , Alyn McCauley 7 (Michael Kostka, Brendon Nash) at 8:23

Penalties :
Joe Colborne (Lon) for Holding (Minor) at 3:36, Brendon Nash (MJM) for Roughing (Minor) at 7:07, Wayne Primeau (MJM) for Cross-checking (Minor) at 13:34, James Wright (Lon) for Hooking (Minor) at 19:04

3rd period

6. Knights , Chris Thorburn 17 (Zack Hamill) at 4:10
7. Blackdemons , Barry Tallackson 13 (Brendon Nash) at 7:37 (PP)
8. Blackdemons , Steven Zalewski 2 (Brendon Nash, Michael Kostka) at 11:36

Penalties :
James Wright (Lon) for Roughing (Minor) at 6:48, Luca Caputi (MJM) for Holding (Minor) at 13:56, Alex Chiasson (Lon) for Hooking (Minor) at 14:34

Overtime #1

9. Blackdemons , Barry Tallackson 14 (Shawn Matthias) at 0:42

Penalties :
No Penalty

Goalie Stats

Martin Biron (MJM), 35 saves from 39 shots - (0,897), W, 18-2-0, 60:42 minutes
Dany Sabourin (Lon), 23 saves from 28 shots - (0,821), OTL, 8-3-1, 60:42 minutes

Players Stats for Blackdemons

Player Name              G  A  P  +/- PIM S  H  SB GA TA FO     MP     PP MP  PK MP  
------------------------------------------------------------------------------------
Alyn McCauley            1  0  1   1  0   3  1  0  0  0  3/7    12:41   1:56   1:38 
Andrew MacDonald         0  0  0   1  0   0  0  0  0  0  0/0    11:32   1:20   0:23 
Barry Tallackson         2  1  3   2  0   4  0  1  0  1  0/0    14:35   1:56   0:00 
Brendon Nash             0  3  3   0  2   1  2  3  0  0  0/0    28:53   4:05   3:01 
Enver Lisin              0  0  0  -1  2   6  0  0  0  0  2/4    23:38   3:15   1:54 
Jakub Kindl              0  0  0   1  0   0  2  2  1  1  0/0    17:55   0:01   0:36 
Luca Caputi              0  0  0   0  2   1  1  0  0  0  0/0     8:23   0:01   0:32 
Mathieu Dandenault       0  0  0   1  0   2  1  1  0  0  0/0    12:58   0:00   4:02 
Matt Calvert             0  0  0   1  0   0  0  0  0  0  0/0    12:07   2:10   0:00 
Matt Hunwick             0  0  0   1  0   0  0  0  0  0  0/0    13:51   0:00   3:53 
Michael Haley            0  0  0   1  0   1  2  0  0  0  0/0    14:20   0:00   1:59 
Michael Kostka           0  2  2   0  2   4  0  1  0  1  0/0    27:59   4:05   2:02 
Nate Prosser             0  0  0   1  0   1  1  2  1  0  0/0    21:17   1:19   3:53 
Scott Timmins            0  0  0   0  0   0  0  0  0  0  0/0     8:00   0:00   0:23 
Shawn Matthias           0  1  1   0  0   1  1  2  0  0  17/34  16:57   0:00   0:00 
Steven Zalewski          1  0  1   0  0   2  0  0  0  0  4/13   11:38   3:28   0:00 
Wayne Primeau            1  0  1   1  2   1  1  1  3  1  11/22  17:26   0:01   3:20 
Zach Boychuk             0  0  0  -1  2   1  0  1  0  0  1/1    20:17   3:28   0:00 

Players Stats for Knights

Player Name              G  A  P  +/- PIM S  H  SB GA TA FO     MP     PP MP  PK MP  
------------------------------------------------------------------------------------
A.J. Jenks               0  0  0  -1  0   1  0  0  0  0  0/0     6:13   0:00   0:00 
Aaron Palushaj           0  0  0   0  0   1  0  0  0  0  1/2    11:47   0:00   0:00 
Alex Chiasson            1  0  1   0  2   2  2  1  0  0  0/0    17:32   4:04   0:00 
Carter Ashton            0  0  0  -1  0   0  0  0  0  0  0/0     6:36   0:10   0:00 
Chris Thorburn           1  0  1  -1  0   5  2  0  1  2  2/3    23:02   2:39   3:51 
Colton Gillies           1  0  1   0  0   2  1  0  0  0  0/0    12:19   0:15   0:00 
Eric Gelinas             0  0  0  -1  0   2  0  4  0  0  0/0    25:00   2:22   1:21 
Garnet Exelby            0  0  0  -1  0   2  5  0  0  1  0/0    22:33   4:32   1:17 
James Wright             0  0  0   0  4   1  1  0  0  1  6/18   18:01   2:39   1:17 
Joe Colborne             0  1  1   0  2   3  0  0  0  0  3/5    12:23   0:00   0:10 
Kyle Greentree           0  2  2   0  0   2  0  0  2  0  1/1    18:52   4:00   0:37 
Marco Scandella          0  0  0  -1  0   3  2  1  0  0  0/0    21:43   4:32   3:53 
Michael Raffl            0  0  0   0  0   2  4  2  0  0  1/2    17:41   2:39   0:57 
Nikita Nikitin           0  0  0   0  0   2  0  1  0  0  0/0    11:22   0:00   0:00 
Philip Varone            0  0  0  -1  0   1  0  0  0  0  7/8    10:23   0:15   3:23 
Tomas Kundratek          0  1  1   0  0   0  0  2  0  0  0/0    11:53   0:00   0:11 
Zack Hamill              1  1  2  -1  0   5  1  0  1  0  22/42  20:22   4:00   0:35 
Zbynek Michalek          0  1  1  -1  0   5  2  0  0  1  0/0    28:16   2:22   4:08 

3 Stars

1 - Barry Tallackson (MJM)
2 - Brendon Nash (MJM)
3 - Zack Hamill (Lon)

Power Play

Blackdemons - 1 on 4 Attempt(s) - 25,00%
Knights - 2 on 6 Attempt(s) - 33,33%

Penalty Kill

Blackdemons - 4 on 6 Attempt(s) - 66,67% - Score 0 goal in Penalty Kill
Knights - 3 on 4 Attempt(s) - 75,00% - Score 0 goal in Penalty Kill

Official

Referees : Rehman Kyle and Devorski Paul
Linesman : Michel Cormier and Jean Morin

Game Notes

8:23 of 2nd period - Blackdemons goal is going for a video replay. After video review, Goal.

Finance

Level 1 -- Attendance: 1652 (82,60%) -- Ticket Income 57 820 $
Level 2 -- Attendance: 774 (77,40%) -- Ticket Income 15 480 $
Total Attendance: 2426 (80,87%)
Total Ticket Income: 73 300 $
Other Income: 3 665 $
Total Income: 76 965 $

Blackdemons

5 vs 5 Forward 
   Center                   Left Wing                Right Wing               Time % Phy DF OF 
 1 Shawn Matthias           Zach Boychuk             Enver Lisin              40     0   2  3  
 2 Wayne Primeau            Michael Haley            Barry Tallackson         30     4   1  0  
 3 Alyn McCauley            Matt Calvert             Mathieu Dandenault       20     0   4  1  
 4 Steven Zalewski          Luca Caputi              Scott Timmins            10     0   5  0  

5 vs 5 Defense 
   Defense                  Defense                                           Time % Phy DF OF 
 1 Michael Kostka           Brendon Nash                                      42     1   3  1  
 2 Jakub Kindl              Nate Prosser                                      42     2   3  0  
 3 Andrew MacDonald         Matt Hunwick                                      16     1   3  1  
 4 Andrew MacDonald         Matt Hunwick                                      0      0   5  0  

PowerPlay Forward 
   Center                   Left Wing                Right Wing               Time % Phy DF OF 
 1 Steven Zalewski          Zach Boychuk             Enver Lisin              60     1   0  4  
 2 Alyn McCauley            Matt Calvert             Barry Tallackson         40     3   0  2  

PowerPlay Defense
   Defense                  Defense                                           Time % Phy DF OF 
 1 Michael Kostka           Brendon Nash                                      60     1   2  2  
 2 Andrew MacDonald         Nate Prosser                                      40     1   2  2  

Penalty Kill 4 Players Forward 
   Center                   Wing                     Time % Phy DF OF 
 1 Wayne Primeau            Mathieu Dandenault       70     1   4  0  
 2 Alyn McCauley            Barry Tallackson         30     0   4  1  

Penalty Kill 4 Players Defense
   Defense                  Defense                  Time % Phy DF OF 
 1 Matt Hunwick             Nate Prosser             60     1   4  0  
 2 Brendon Nash             Michael Kostka           40     1   3  1  

Penalty Kill - 3 Players Forward 
   Forward                                           Time % Phy DF OF 
 1 Wayne Primeau                                     60     0   5  0  
 2 Mathieu Dandenault                                40     0   5  0  

Penalty Kill - 3 Players Defense
   Defense                  Defense                  Time % Phy DF OF 
 1 Matt Hunwick             Nate Prosser             60     1   4  0  
 2 Brendon Nash             Michael Kostka           40     1   4  0  

4 vs 4 Forward 
   Center                   Wing                     Time % Phy DF OF 
 1 Wayne Primeau            Enver Lisin              60     0   3  2  
 2 Shawn Matthias           Barry Tallackson         40     1   3  1  

4 vs 4 Defense
   Defense                  Defense                  Time % Phy DF OF 
 1 Michael Kostka           Brendon Nash             60     1   3  1  
 2 Andrew MacDonald         Jakub Kindl              40     1   3  1  

Last Minutes Offensive
   Center                   Left Wing                Right Wing               Defense                  Defense                  
   Wayne Primeau            Shawn Matthias           Enver Lisin              Michael Kostka           Brendon Nash             

Last Minutes Defensive
   Center                   Left Wing                Right Wing               Defense                  Defense                  
   Wayne Primeau            Alyn McCauley            Barry Tallackson         Michael Kostka           Brendon Nash             

Goaltenders
Starting : Martin Biron             
Backup : Matt Hackett             

Extra Forwards
Normal : Matt Calvert, Steven Zalewski, Shawn Matthias - PP : Matt Calvert, Luca Caputi - PK : Enver Lisin
Extra Defensemen
Normal : Matt Hunwick, Jakub Kindl, Andrew MacDonald - PP : Jakub Kindl - PK : Jakub Kindl, Andrew MacDonald
Penalty Shots
Barry Tallackson, Enver Lisin, Shawn Matthias, Wayne Primeau, Alyn McCauley

Knights

5 vs 5 Forward 
   Center                   Left Wing                Right Wing               Time % Phy DF OF 
 1 Zack Hamill              Kyle Greentree           Chris Thorburn           36     1   2  2  
 2 James Wright             Michael Raffl            Alex Chiasson            33     1   2  2  
 3 Joe Colborne             Colton Gillies           Aaron Palushaj           22     1   2  2  
 4 Philip Varone            A.J. Jenks               Carter Ashton            9      1   2  2  

5 vs 5 Defense 
   Defense                  Defense                                           Time % Phy DF OF 
 1 Zbynek Michalek          Eric Gelinas                                      40     1   2  2  
 2 Garnet Exelby            Marco Scandella                                   30     1   2  2  
 3 Nikita Nikitin           Tomas Kundratek                                   20     1   2  2  
 4 Zbynek Michalek          Garnet Exelby                                     10     1   2  2  

PowerPlay Forward 
   Center                   Left Wing                Right Wing               Time % Phy DF OF 
 1 Zack Hamill              Kyle Greentree           Alex Chiasson            60     1   1  3  
 2 James Wright             Michael Raffl            Chris Thorburn           40     1   1  3  

PowerPlay Defense
   Defense                  Defense                                           Time % Phy DF OF 
 1 Garnet Exelby            Marco Scandella                                   60     1   1  3  
 2 Zbynek Michalek          Eric Gelinas                                      40     1   1  3  

Penalty Kill 4 Players Forward 
   Center                   Wing                     Time % Phy DF OF 
 1 James Wright             Chris Thorburn           60     1   3  1  
 2 Kyle Greentree           Zack Hamill              40     1   3  1  

Penalty Kill 4 Players Defense
   Defense                  Defense                  Time % Phy DF OF 
 1 Zbynek Michalek          Marco Scandella          60     1   2  2  
 2 Garnet Exelby            Eric Gelinas             40     1   3  1  

Penalty Kill - 3 Players Forward 
   Forward                                           Time % Phy DF OF 
 1 Chris Thorburn                                    60     0   4  1  
 2 Zack Hamill                                       40     0   4  1  

Penalty Kill - 3 Players Defense
   Defense                  Defense                  Time % Phy DF OF 
 1 Zbynek Michalek          Marco Scandella          60     1   4  0  
 2 Eric Gelinas             Garnet Exelby            40     1   4  0  

4 vs 4 Forward 
   Center                   Wing                     Time % Phy DF OF 
 1 Zack Hamill              Chris Thorburn           60     1   2  2  
 2 Michael Raffl            James Wright             40     1   2  2  

4 vs 4 Defense
   Defense                  Defense                  Time % Phy DF OF 
 1 Zbynek Michalek          Eric Gelinas             60     1   2  2  
 2 Marco Scandella          Garnet Exelby            40     1   2  2  

Last Minutes Offensive
   Center                   Left Wing                Right Wing               Defense                  Defense                  
   Zack Hamill              Kyle Greentree           Chris Thorburn           Zbynek Michalek          Marco Scandella          

Last Minutes Defensive
   Center                   Left Wing                Right Wing               Defense                  Defense                  
   James Wright             Kyle Greentree           Chris Thorburn           Zbynek Michalek          Garnet Exelby            

Goaltenders
Starting : Dany Sabourin            
Backup : Jean-Francois Berube     

Extra Forwards
Normal : Chris Thorburn, Zack Hamill, James Wright - PP : Chris Thorburn, Zack Hamill - PK : Chris Thorburn
Extra Defensemen
Normal : Marco Scandella, Zbynek Michalek, Tomas Kundratek - PP : Marco Scandella - PK : Marco Scandella, Tomas Kundratek
Penalty Shots
Chris Thorburn, Alex Chiasson, Zack Hamill, James Wright, Kyle Greentree

% Time on Ice - Blackdemons

Lines # - Real PCT - Wanted PCT - Time Play
Normal Forward
1 - 39% - 40% - 17:57
2 - 26% - 30% - 11:55
3 - 19% - 20% - 8:51
4 - 16% - 10% - 7:37
Normal Defense
1 - 41% - 42% - 19:07
2 - 39% - 42% - 18:03
3 - 17% - 16% - 7:59
4 - 3% - 0% - 1:11
PP Forward
1 - 64% - 60% - 3:29
2 - 36% - 40% - 1:56
PP Defense
1 - 75% - 60% - 4:05
2 - 25% - 40% - 1:20
PK Forward
1 - 100% - 70% - 6:54
2 - 0% - 30% - 0:00
PK Defense
1 - 56% - 60% - 3:53
2 - 44% - 40% - 3:01
PK3 Forward
1 - 0% - 60%
2 - 0% - 40%
PK3 Defense
1 - 0% - 60%
2 - 0% - 40%
44 Forward
1 - 76% - 60% - 1:33
2 - 24% - 40% - 0:30
44 Defense
1 - 70% - 60% - 1:26
2 - 30% - 40% - 0:37
Last Minute Offensive  - 0:00
Last Minute Defensive  - 0:00
Total
Forward - 60:42
Defense - 60:42

% Time on Ice - Knights

Lines # - Real PCT - Wanted PCT - Time Play
Normal Forward
1 - 33% - 36% - 15:19
2 - 28% - 33% - 13:01
3 - 25% - 22% - 11:47
4 - 13% - 9% - 6:13
Normal Defense
1 - 41% - 40% - 18:59
2 - 29% - 30% - 13:34
3 - 25% - 20% - 11:22
4 - 5% - 10% - 2:25
PP Forward
1 - 62% - 60% - 4:15
2 - 38% - 40% - 2:39
PP Defense
1 - 66% - 60% - 4:32
2 - 34% - 40% - 2:22
PK Forward
1 - 89% - 60% - 4:50
2 - 11% - 40% - 0:35
PK Defense
1 - 76% - 60% - 4:08
2 - 24% - 40% - 1:17
PK3 Forward
1 - 0% - 60%
2 - 0% - 40%
PK3 Defense
1 - 0% - 60%
2 - 0% - 40%
44 Forward
1 - 86% - 60% - 1:46
2 - 14% - 40% - 0:17
44 Defense
1 - 63% - 60% - 1:18
2 - 37% - 40% - 0:45
Last Minute Offensive  - 0:00
Last Minute Defensive  - 0:00
Total
Forward - 60:42
Defense - 60:42

Play by Play

1st period


0:01 of 1st period - Kyle Greentree wins face-off versus Shawn Matthias in neutral zone.
1:14 of 1st period - Icing by Garnet Exelby.
1:15 of 1st period - Shawn Matthias wins face-off versus Zack Hamill in Knights zone.
1:18 of 1st period - Snap shot by Shawn Matthias.
1:18 of 1st period - Shot Misses the Net.
1:24 of 1st period - Wrist shot by Chris Thorburn.
1:24 of 1st period - Shot Misses the Net.
1:26 of 1st period - Snap shot by Kyle Greentree.
1:26 of 1st period - Stopped by Martin Biron with a rebound.
1:28 of 1st period - Snap shot by Chris Thorburn.
1:28 of 1st period - Stopped by Martin Biron with a rebound.
1:30 of 1st period - Slapshot by Marco Scandella.
1:30 of 1st period - Stopped by Martin Biron with a rebound.
1:32 of 1st period - Slapshot by Kyle Greentree.
1:32 of 1st period - Stopped by Martin Biron with a rebound.
1:34 of 1st period - Snap shot by Kyle Greentree.
1:34 of 1st period - Shot Misses the Net.
1:36 of 1st period - Slapshot by Garnet Exelby.
1:36 of 1st period - Shot Blocked by Jakub Kindl.
1:56 of 1st period - Wrist shot by Zack Hamill.
1:56 of 1st period - Stopped by Martin Biron without a rebound.
1:57 of 1st period - Wayne Primeau wins face-off versus James Wright in Blackdemons zone.
1:57 of 1st period - Wayne Primeau is hit by Michael Raffl.
2:23 of 1st period - Aaron Palushaj is hit by Mathieu Dandenault and loses puck.
3:26 of 1st period - Wrist shot by Barry Tallackson.
3:26 of 1st period - Stopped by Dany Sabourin with a rebound.
3:56 of 1st period - Slapshot by Zbynek Michalek.
3:56 of 1st period - Stopped by Martin Biron with a rebound.
5:18 of 1st period - Matt Hunwick is hit by Garnet Exelby and loses puck.
5:31 of 1st period - Slapshot by Marco Scandella.
5:31 of 1st period - Shot Misses the Net.
6:01 of 1st period - Snap shot by Barry Tallackson.
6:01 of 1st period - Shot Blocked by Eric Gelinas.
6:15 of 1st period - Barry Tallackson is hit by Chris Thorburn and loses puck.
6:34 of 1st period - Snap shot by Enver Lisin.
6:34 of 1st period - Stopped by Dany Sabourin without a rebound.
6:35 of 1st period - Enver Lisin wins face-off versus James Wright in Knights zone.
7:02 of 1st period - Zbynek Michalek is hit by Jakub Kindl and loses puck.
7:09 of 1st period - Slapshot by Wayne Primeau.
7:09 of 1st period - Shot Misses the Net.
7:19 of 1st period - Slapshot by Michael Kostka.
7:19 of 1st period - Stopped by Dany Sabourin without a rebound.
7:20 of 1st period - Zack Hamill wins face-off versus Steven Zalewski in Knights zone.
8:07 of 1st period - Off-side.
8:08 of 1st period - Zack Hamill wins face-off versus Alyn McCauley in neutral zone.
8:43 of 1st period - Backhand shot by Barry Tallackson.
8:43 of 1st period - Stopped by Dany Sabourin with a rebound.
8:55 of 1st period - Slapshot by Michael Kostka.
8:55 of 1st period - Stopped by Dany Sabourin with a rebound.
9:06 of 1st period - Off-side.
9:07 of 1st period - Shawn Matthias wins face-off versus Zack Hamill in neutral zone.
9:17 of 1st period - Snap shot by Chris Thorburn.
9:17 of 1st period - Stopped by Martin Biron without a rebound.
9:18 of 1st period - Zack Hamill wins face-off versus Shawn Matthias in Blackdemons zone.
9:33 of 1st period - Wrist shot by Zack Hamill.
9:33 of 1st period - Stopped by Martin Biron with a rebound.
9:43 of 1st period - Wrist shot by Joe Colborne.
9:43 of 1st period - Shot Misses the Net.
9:47 of 1st period - Slapshot by Nikita Nikitin.
9:47 of 1st period - Shot Blocked by Jakub Kindl.
9:53 of 1st period - Snap shot by Joe Colborne.
9:53 of 1st period - Shot Misses the Net.
9:55 of 1st period - Slapshot by Tomas Kundratek.
9:55 of 1st period - Shot Misses the Net.
10:50 of 1st period - Icing by Matt Calvert.
10:51 of 1st period - Alyn McCauley wins face-off versus Aaron Palushaj in Blackdemons zone.
11:12 of 1st period - Minor Penalty to Michael Kostka for Roughing.
11:13 of 1st period - Wayne Primeau wins face-off versus Zack Hamill in Blackdemons zone.
11:44 of 1st period - Wayne Primeau is hit by Michael Raffl and loses puck.
13:12 of 1st period - Penalty to Michael Kostka is over, Michael Kostka is back on ice.
13:42 of 1st period - Carter Ashton is hit by Nate Prosser and loses puck.
14:07 of 1st period - Tomas Kundratek is hit by Shawn Matthias and loses puck.
14:22 of 1st period - Wayne Primeau is hit by Zbynek Michalek and loses puck.
14:59 of 1st period - Wrist shot by Mathieu Dandenault.
14:59 of 1st period - Shot Blocked by Alex Chiasson.
15:15 of 1st period - Slapshot by Garnet Exelby.
15:15 of 1st period - Shot Blocked by Brendon Nash.
16:12 of 1st period - Zack Hamill is hit by Jakub Kindl and loses puck.
16:21 of 1st period - Minor Penalty to Enver Lisin for High sticking.
16:22 of 1st period - Zack Hamill wins face-off versus Wayne Primeau in Blackdemons zone.
16:25 of 1st period - Slapshot by Kyle Greentree.
16:25 of 1st period - Shot Misses the Net.
16:27 of 1st period - Slapshot by Zbynek Michalek.
16:27 of 1st period - Stopped by Martin Biron with a rebound.
16:29 of 1st period - Slapshot by Alex Chiasson.
16:29 of 1st period - Goal by Alex Chiasson - Blackdemons : 0 - Knights : 1.
16:30 of 1st period - Michael Raffl wins face-off versus Shawn Matthias in neutral zone.
16:55 of 1st period - Zack Hamill is hit by Michael Haley and loses puck.
17:00 of 1st period - Wrist shot by Wayne Primeau.
17:00 of 1st period - Goal by Wayne Primeau - Blackdemons : 1 - Knights : 1.
17:01 of 1st period - Shawn Matthias wins face-off versus James Wright in neutral zone.
17:22 of 1st period - Minor Penalty to Zach Boychuk for Hooking.
17:23 of 1st period - Wayne Primeau wins face-off versus Zack Hamill in Blackdemons zone.
17:30 of 1st period - Wrist shot by Wayne Primeau.
17:30 of 1st period - Shot Misses the Net.
17:35 of 1st period - Off-side.
17:36 of 1st period - Zack Hamill wins face-off versus Wayne Primeau in neutral zone.
17:39 of 1st period - Slapshot by Garnet Exelby.
17:39 of 1st period - Deflect By Nate Prosser.
17:39 of 1st period - Stopped by Martin Biron without a rebound.
17:40 of 1st period - Zack Hamill wins face-off versus Wayne Primeau in Blackdemons zone.
18:13 of 1st period - Slapshot by James Wright.
18:13 of 1st period - Shot Blocked by Mathieu Dandenault.
18:15 of 1st period - Snap shot by Chris Thorburn.
18:15 of 1st period - Deflect By Matt Hunwick.
18:15 of 1st period - Shot Misses the Net.
18:15 of 1st period - Puck is out of play.
18:16 of 1st period - Wayne Primeau wins face-off versus James Wright in Blackdemons zone.
18:27 of 1st period - Snap shot by Michael Raffl.
18:27 of 1st period - Stopped by Martin Biron without a rebound.
18:28 of 1st period - Zack Hamill wins face-off versus Wayne Primeau in Blackdemons zone.
19:22 of 1st period - Penalty to Zach Boychuk is over, Zach Boychuk is back on ice.
Goals for this period are 1 for Blackdemons vs 1 for Knights.
Shots for this period are 6 for Blackdemons vs 12 for Knights.

2nd period


0:01 of 2nd period - Zack Hamill wins face-off versus Wayne Primeau in neutral zone.
0:48 of 2nd period - Slapshot by Michael Kostka.
0:48 of 2nd period - Shot Misses the Net.
0:50 of 2nd period - Slapshot by Michael Kostka.
0:50 of 2nd period - Deflect By Mathieu Dandenault.
0:50 of 2nd period - Shot Misses the Net.
0:50 of 2nd period - Puck is out of play.
0:51 of 2nd period - Aaron Palushaj wins face-off versus Alyn McCauley in Knights zone.
0:56 of 2nd period - Slapshot by Marco Scandella.
0:56 of 2nd period - Stopped by Martin Biron without a rebound.
0:57 of 2nd period - Zack Hamill wins face-off versus Wayne Primeau in Blackdemons zone.
0:58 of 2nd period - Snap shot by Chris Thorburn.
0:58 of 2nd period - Stopped by Martin Biron without a rebound.
0:59 of 2nd period - Zack Hamill wins face-off versus Wayne Primeau in Blackdemons zone.
1:12 of 2nd period - Wrist shot by Kyle Greentree.
1:12 of 2nd period - Shot Misses the Net.
1:14 of 2nd period - Slapshot by Chris Thorburn.
1:14 of 2nd period - Shot Misses the Net.
1:30 of 2nd period - Off-side.
1:31 of 2nd period - Shawn Matthias wins face-off versus James Wright in neutral zone.
1:38 of 2nd period - Wrist shot by Enver Lisin.
1:38 of 2nd period - Shot Misses the Net.
2:26 of 2nd period - Snap shot by Aaron Palushaj.
2:26 of 2nd period - Stopped by Martin Biron with a rebound.
2:28 of 2nd period - Slapshot by Nikita Nikitin.
2:28 of 2nd period - Stopped by Martin Biron with a rebound.
2:40 of 2nd period - Snap shot by Alyn McCauley.
2:40 of 2nd period - Stopped by Dany Sabourin with a rebound.
2:42 of 2nd period - Wrist shot by Alyn McCauley.
2:42 of 2nd period - Shot Misses the Net.
2:44 of 2nd period - Snap shot by Andrew MacDonald.
2:44 of 2nd period - Shot Misses the Net.
2:46 of 2nd period - Slapshot by Andrew MacDonald.
2:46 of 2nd period - Deflect By Mathieu Dandenault.
2:46 of 2nd period - Stopped by Dany Sabourin without a rebound.
2:47 of 2nd period - Zack Hamill wins face-off versus Wayne Primeau in Knights zone.
2:56 of 2nd period - Slapshot by Eric Gelinas.
2:56 of 2nd period - Shot Blocked by Brendon Nash.
3:36 of 2nd period - Minor Penalty to Joe Colborne for Holding.
3:37 of 2nd period - James Wright wins face-off versus Steven Zalewski in Knights zone.
3:43 of 2nd period - Snap shot by Chris Thorburn.
3:43 of 2nd period - Shot Misses the Net.
4:02 of 2nd period - Alyn McCauley is hit by Marco Scandella and loses puck.
5:36 of 2nd period - Penalty to Joe Colborne is over, Joe Colborne is back on ice.
6:44 of 2nd period - Slapshot by Colton Gillies.
6:44 of 2nd period - Goal by Colton Gillies - Blackdemons : 1 - Knights : 2.
6:45 of 2nd period - Zack Hamill wins face-off versus Shawn Matthias in neutral zone.
6:48 of 2nd period - Snap shot by Eric Gelinas.
6:48 of 2nd period - Shot Misses the Net.
6:50 of 2nd period - Slapshot by Chris Thorburn.
6:50 of 2nd period - Shot Misses the Net.
6:52 of 2nd period - Snap shot by Chris Thorburn.
6:52 of 2nd period - Shot Blocked by Shawn Matthias.
6:54 of 2nd period - Slapshot by Zbynek Michalek.
6:54 of 2nd period - Deflect By Chris Thorburn.
6:54 of 2nd period - Shot Misses the Net.
6:54 of 2nd period - Puck is out of play.
6:55 of 2nd period - Zack Hamill wins face-off versus Shawn Matthias in Blackdemons zone.
6:58 of 2nd period - Slapshot by Kyle Greentree.
6:58 of 2nd period - Shot Blocked by Shawn Matthias.
7:00 of 2nd period - Slapshot by Zbynek Michalek.
7:00 of 2nd period - Shot Misses the Net.
7:02 of 2nd period - Slapshot by Zbynek Michalek.
7:02 of 2nd period - Shot Misses the Net.
7:04 of 2nd period - Snap shot by Zbynek Michalek.
7:04 of 2nd period - Stopped by Martin Biron without a rebound.
7:05 of 2nd period - Shawn Matthias wins face-off versus James Wright in Blackdemons zone.
7:07 of 2nd period - Minor Penalty to Brendon Nash for Roughing.
7:08 of 2nd period - Wayne Primeau wins face-off versus Zack Hamill in Blackdemons zone.
7:18 of 2nd period - Snap shot by Zack Hamill.
7:18 of 2nd period - Goal by Zack Hamill - Blackdemons : 1 - Knights : 3.
7:19 of 2nd period - Shawn Matthias wins face-off versus James Wright in neutral zone.
7:22 of 2nd period - Slapshot by Michael Kostka.
7:22 of 2nd period - Stopped by Dany Sabourin with a rebound.
7:30 of 2nd period - Snap shot by Michael Raffl.
7:30 of 2nd period - Shot Misses the Net.
7:32 of 2nd period - Snap shot by Michael Raffl.
7:32 of 2nd period - Stopped by Martin Biron without a rebound.
7:33 of 2nd period - Wayne Primeau wins face-off versus Zack Hamill in Blackdemons zone.
7:59 of 2nd period - Enver Lisin is hit by Alex Chiasson and loses puck.
8:19 of 2nd period - Slapshot by Brendon Nash.
8:19 of 2nd period - Shot Blocked by Marco Scandella.
8:21 of 2nd period - Slapshot by Michael Kostka.
8:21 of 2nd period - Stopped by Dany Sabourin with a rebound.
8:23 of 2nd period - Slapshot by Alyn McCauley.
8:23 of 2nd period - Blackdemons goal is going for a video replay.
8:23 of 2nd period - The goal is good.
8:23 of 2nd period - Goal by Alyn McCauley - Blackdemons : 2 - Knights : 3.
8:24 of 2nd period - Zack Hamill wins face-off versus Shawn Matthias in neutral zone.
8:34 of 2nd period - Wrist shot by Zach Boychuk.
8:34 of 2nd period - Shot Misses the Net.
10:25 of 2nd period - Slapshot by Philip Varone.
10:25 of 2nd period - Stopped by Martin Biron with a rebound.
10:27 of 2nd period - Slapshot by Marco Scandella.
10:27 of 2nd period - Deflect By A.J. Jenks.
10:27 of 2nd period - Stopped by Martin Biron without a rebound.
10:28 of 2nd period - Shawn Matthias wins face-off versus Zack Hamill in Blackdemons zone.
10:39 of 2nd period - Icing by Zack Hamill.
10:40 of 2nd period - Zack Hamill wins face-off versus Enver Lisin in Knights zone.
10:45 of 2nd period - Snap shot by Zach Boychuk.
10:45 of 2nd period - Shot Blocked by Tomas Kundratek.
10:55 of 2nd period - Snap shot by Enver Lisin.
10:55 of 2nd period - Shot Misses the Net.
11:16 of 2nd period - Slapshot by Alex Chiasson.
11:16 of 2nd period - Shot Misses the Net.
11:28 of 2nd period - Snap shot by Mathieu Dandenault.
11:28 of 2nd period - Shot Misses the Net.
11:30 of 2nd period - Snap shot by Alyn McCauley.
11:30 of 2nd period - Stopped by Dany Sabourin without a rebound.
11:31 of 2nd period - Alyn McCauley wins face-off versus Joe Colborne in Knights zone.
11:31 of 2nd period - Brendon Nash is hit by Garnet Exelby and loses puck.
11:34 of 2nd period - Slapshot by Alyn McCauley.
11:34 of 2nd period - Shot Misses the Net.
11:36 of 2nd period - Slapshot by Mathieu Dandenault.
11:36 of 2nd period - Shot Misses the Net.
11:38 of 2nd period - Wrist shot by Mathieu Dandenault.
11:38 of 2nd period - Shot Misses the Net.
11:40 of 2nd period - Wrist shot by Mathieu Dandenault.
11:40 of 2nd period - Stopped by Dany Sabourin without a rebound.
11:41 of 2nd period - Shawn Matthias wins face-off versus James Wright in Knights zone.
11:50 of 2nd period - Snap shot by Enver Lisin.
11:50 of 2nd period - Shot Misses the Net.
11:52 of 2nd period - Slapshot by Brendon Nash.
11:52 of 2nd period - Shot Misses the Net.
12:14 of 2nd period - Wrist shot by Zack Hamill.
12:14 of 2nd period - Stopped by Martin Biron without a rebound.
12:15 of 2nd period - Shawn Matthias wins face-off versus Zack Hamill in Blackdemons zone.
12:28 of 2nd period - Wrist shot by Eric Gelinas.
12:28 of 2nd period - Deflect By Kyle Greentree.
12:28 of 2nd period - Shot Misses the Net.
12:28 of 2nd period - Puck is out of play.
12:29 of 2nd period - James Wright wins face-off versus Wayne Primeau in Blackdemons zone.
12:35 of 2nd period - Slapshot by Eric Gelinas.
12:35 of 2nd period - Shot Misses the Net.
12:37 of 2nd period - Slapshot by Eric Gelinas.
12:37 of 2nd period - Shot Blocked by Barry Tallackson.
12:39 of 2nd period - Slapshot by Eric Gelinas.
12:39 of 2nd period - Shot Blocked by Nate Prosser.
12:41 of 2nd period - Slapshot by Michael Raffl.
12:41 of 2nd period - Deflect By James Wright.
12:41 of 2nd period - Stopped by Martin Biron with a rebound.
12:45 of 2nd period - Snap shot by James Wright.
12:45 of 2nd period - Deflect By Alex Chiasson.
12:45 of 2nd period - Shot Blocked by Wayne Primeau.
12:45 of 2nd period - Puck is out of play.
12:46 of 2nd period - Zack Hamill wins face-off versus Shawn Matthias in Blackdemons zone.
12:51 of 2nd period - Snap shot by Chris Thorburn.
12:51 of 2nd period - Stopped by Martin Biron without a rebound.
12:52 of 2nd period - Zack Hamill wins face-off versus Shawn Matthias in Blackdemons zone.
12:55 of 2nd period - Wrist shot by Chris Thorburn.
12:55 of 2nd period - Shot Blocked by Michael Kostka.
13:24 of 2nd period - Wrist shot by Michael Raffl.
13:24 of 2nd period - Shot Misses the Net.
13:26 of 2nd period - Wrist shot by Zbynek Michalek.
13:26 of 2nd period - Stopped by Martin Biron with a rebound.
13:34 of 2nd period - Minor Penalty to Wayne Primeau for Cross-checking.
13:35 of 2nd period - Enver Lisin wins face-off versus Zack Hamill in Blackdemons zone.
13:35 of 2nd period - Enver Lisin is hit by Garnet Exelby.
15:34 of 2nd period - Penalty to Wayne Primeau is over, Wayne Primeau is back on ice.
15:38 of 2nd period - Michael Kostka is hit by Zbynek Michalek and loses puck.
16:15 of 2nd period - Slapshot by Michael Kostka.
16:15 of 2nd period - Deflect By Matt Calvert.
16:15 of 2nd period - Shot Blocked by Nikita Nikitin.
16:15 of 2nd period - Puck is out of play.
16:16 of 2nd period - Joe Colborne wins face-off versus Alyn McCauley in Knights zone.
16:47 of 2nd period - Snap shot by Barry Tallackson.
16:47 of 2nd period - Shot Blocked by Eric Gelinas.
16:49 of 2nd period - Wrist shot by Barry Tallackson.
16:49 of 2nd period - Shot Blocked by Eric Gelinas.
18:19 of 2nd period - Slapshot by Zack Hamill.
18:19 of 2nd period - Stopped by Martin Biron without a rebound.
18:20 of 2nd period - Steven Zalewski wins face-off versus Zack Hamill in Blackdemons zone.
18:20 of 2nd period - Steven Zalewski is hit by Marco Scandella.
18:34 of 2nd period - Wrist shot by Steven Zalewski.
18:34 of 2nd period - Deflect By Kyle Greentree.
18:34 of 2nd period - Shot Misses the Net.
18:34 of 2nd period - Puck is out of play.
18:35 of 2nd period - James Wright wins face-off versus Shawn Matthias in Knights zone.
18:40 of 2nd period - Slapshot by Garnet Exelby.
18:40 of 2nd period - Stopped by Martin Biron without a rebound.
18:41 of 2nd period - Shawn Matthias wins face-off versus James Wright in Blackdemons zone.
18:41 of 2nd period - Shawn Matthias is hit by Alex Chiasson.
18:44 of 2nd period - Icing by Jakub Kindl.
18:45 of 2nd period - Zach Boychuk wins face-off versus James Wright in Blackdemons zone.
18:45 of 2nd period - Zach Boychuk is hit by James Wright.
19:04 of 2nd period - Minor Penalty to James Wright for Hooking.
19:05 of 2nd period - Philip Varone wins face-off versus Steven Zalewski in Knights zone.
19:11 of 2nd period - Wrist shot by Enver Lisin.
19:11 of 2nd period - Stopped by Dany Sabourin without a rebound.
19:12 of 2nd period - Philip Varone wins face-off versus Steven Zalewski in Knights zone.
19:26 of 2nd period - Snap shot by Enver Lisin.
19:26 of 2nd period - Stopped by Dany Sabourin without a rebound.
19:27 of 2nd period - Philip Varone wins face-off versus Steven Zalewski in Knights zone.
19:42 of 2nd period - Slapshot by Enver Lisin.
19:42 of 2nd period - Stopped by Dany Sabourin without a rebound.
19:43 of 2nd period - Philip Varone wins face-off versus Alyn McCauley in Knights zone.
19:56 of 2nd period - Slapshot by Brendon Nash.
19:56 of 2nd period - Deflect By Zbynek Michalek.
19:56 of 2nd period - Stopped by Dany Sabourin with a rebound.
Goals for this period are 1 for Blackdemons vs 2 for Knights.
Shots for this period are 11 for Blackdemons vs 16 for Knights.

3rd period


0:01 of 3rd period - Philip Varone wins face-off versus Steven Zalewski in neutral zone.
0:13 of 3rd period - Off-side.
0:14 of 3rd period - Steven Zalewski wins face-off versus Philip Varone in neutral zone.
1:04 of 3rd period - Penalty to James Wright is over, James Wright is back on ice.
1:20 of 3rd period - Slapshot by Nate Prosser.
1:20 of 3rd period - Stopped by Dany Sabourin with a rebound.
1:25 of 3rd period - Off-side.
1:26 of 3rd period - Steven Zalewski wins face-off versus Chris Thorburn in neutral zone.
1:30 of 3rd period - Off-side.
1:31 of 3rd period - Zack Hamill wins face-off versus Steven Zalewski in neutral zone.
2:00 of 3rd period - Wrist shot by Colton Gillies.
2:00 of 3rd period - Stopped by Martin Biron with a rebound.
2:13 of 3rd period - Icing by Jakub Kindl.
2:14 of 3rd period - James Wright wins face-off versus Wayne Primeau in Blackdemons zone.
2:21 of 3rd period - Wrist shot by Wayne Primeau.
2:21 of 3rd period - Shot Blocked by Michael Raffl.
2:23 of 3rd period - Wrist shot by Michael Haley.
2:23 of 3rd period - Shot Blocked by Michael Raffl.
2:25 of 3rd period - Snap shot by Michael Haley.
2:25 of 3rd period - Stopped by Dany Sabourin with a rebound.
2:27 of 3rd period - Wrist shot by Nate Prosser.
2:27 of 3rd period - Deflect By Wayne Primeau.
2:27 of 3rd period - Shot Blocked by Eric Gelinas.
2:27 of 3rd period - Puck is out of play.
2:28 of 3rd period - Zack Hamill wins face-off versus Shawn Matthias in Knights zone.
3:01 of 3rd period - Barry Tallackson is hit by Michael Raffl and loses puck.
3:56 of 3rd period - Snap shot by Joe Colborne.
3:56 of 3rd period - Shot Misses the Net.
3:58 of 3rd period - Slapshot by Zbynek Michalek.
3:58 of 3rd period - Shot Misses the Net.
4:00 of 3rd period - Wrist shot by Aaron Palushaj.
4:00 of 3rd period - Shot Misses the Net.
4:02 of 3rd period - Slapshot by Eric Gelinas.
4:02 of 3rd period - Stopped by Martin Biron with a rebound.
4:04 of 3rd period - Slapshot by Eric Gelinas.
4:04 of 3rd period - Deflect By Andrew MacDonald.
4:04 of 3rd period - Stopped by Martin Biron with a rebound.
4:06 of 3rd period - Slapshot by Zbynek Michalek.
4:06 of 3rd period - Deflect By Joe Colborne.
4:06 of 3rd period - Shot Misses the Net.
4:06 of 3rd period - Puck is out of play.
4:07 of 3rd period - Zack Hamill wins face-off versus Shawn Matthias in Blackdemons zone.
4:10 of 3rd period - Wrist shot by Chris Thorburn.
4:10 of 3rd period - Goal by Chris Thorburn - Blackdemons : 2 - Knights : 4.
4:11 of 3rd period - Shawn Matthias wins face-off versus Zack Hamill in neutral zone.
4:18 of 3rd period - Wrist shot by Zach Boychuk.
4:18 of 3rd period - Deflect By Garnet Exelby.
4:18 of 3rd period - Shot Misses the Net.
4:18 of 3rd period - Puck is out of play.
4:19 of 3rd period - Shawn Matthias wins face-off versus Zack Hamill in Knights zone.
4:20 of 3rd period - Wrist shot by Enver Lisin.
4:20 of 3rd period - Stopped by Dany Sabourin with a rebound.
4:22 of 3rd period - Snap shot by Brendon Nash.
4:22 of 3rd period - Deflect By Shawn Matthias.
4:22 of 3rd period - Shot Misses the Net.
4:22 of 3rd period - Puck is out of play.
4:23 of 3rd period - James Wright wins face-off versus Shawn Matthias in Knights zone.
4:30 of 3rd period - Wrist shot by Alex Chiasson.
4:30 of 3rd period - Stopped by Martin Biron without a rebound.
4:31 of 3rd period - Shawn Matthias wins face-off versus James Wright in Blackdemons zone.
4:46 of 3rd period - Slapshot by Enver Lisin.
4:46 of 3rd period - Stopped by Dany Sabourin without a rebound.
4:47 of 3rd period - Wayne Primeau wins face-off versus Zack Hamill in Knights zone.
5:53 of 3rd period - Philip Varone is hit by Luca Caputi and loses puck.
5:58 of 3rd period - Slapshot by Andrew MacDonald.
5:58 of 3rd period - Shot Blocked by Tomas Kundratek.
6:06 of 3rd period - Snap shot by Matt Hunwick.
6:06 of 3rd period - Deflect By Luca Caputi.
6:06 of 3rd period - Stopped by Dany Sabourin with a rebound.
6:20 of 3rd period - Zack Hamill is hit by Michael Haley and loses puck.
6:48 of 3rd period - Minor Penalty to James Wright for Roughing.
6:49 of 3rd period - Chris Thorburn wins face-off versus Steven Zalewski in Knights zone.
7:05 of 3rd period - Icing by Michael Kostka.
7:06 of 3rd period - Philip Varone wins face-off versus Enver Lisin in Blackdemons zone.
7:37 of 3rd period - Snap shot by Barry Tallackson.
7:37 of 3rd period - Goal by Barry Tallackson - Blackdemons : 3 - Knights : 4.
7:38 of 3rd period - Shawn Matthias wins face-off versus Michael Raffl in neutral zone.
8:08 of 3rd period - Zack Hamill is hit by Wayne Primeau and loses puck.
8:56 of 3rd period - Slapshot by Zbynek Michalek.
8:56 of 3rd period - Stopped by Martin Biron without a rebound.
8:57 of 3rd period - Philip Varone wins face-off versus Shawn Matthias in Blackdemons zone.
8:58 of 3rd period - Snap shot by A.J. Jenks.
8:58 of 3rd period - Shot Misses the Net.
9:43 of 3rd period - Icing by Andrew MacDonald.
9:44 of 3rd period - James Wright wins face-off versus Steven Zalewski in Blackdemons zone.
10:13 of 3rd period - Icing by Matt Hunwick.
10:14 of 3rd period - Shawn Matthias wins face-off versus Zack Hamill in Blackdemons zone.
10:21 of 3rd period - Slapshot by Matt Hunwick.
10:21 of 3rd period - Shot Misses the Net.
10:23 of 3rd period - Snap shot by Zach Boychuk.
10:23 of 3rd period - Stopped by Dany Sabourin without a rebound.
10:24 of 3rd period - Chris Thorburn wins face-off versus Shawn Matthias in Knights zone.
10:54 of 3rd period - Barry Tallackson is hit by Garnet Exelby and loses puck.
11:11 of 3rd period - Michael Kostka is hit by Colton Gillies and loses puck.
11:20 of 3rd period - Slapshot by Joe Colborne.
11:20 of 3rd period - Shot Misses the Net.
11:34 of 3rd period - Slapshot by Brendon Nash.
11:34 of 3rd period - Shot Misses the Net.
11:36 of 3rd period - Backhand shot by Steven Zalewski.
11:36 of 3rd period - Goal by Steven Zalewski - Blackdemons : 4 - Knights : 4.
11:37 of 3rd period - Zack Hamill wins face-off versus Shawn Matthias in neutral zone.
12:11 of 3rd period - Michael Haley is hit by Michael Raffl and loses puck.
13:05 of 3rd period - Snap shot by Joe Colborne.
13:05 of 3rd period - Stopped by Martin Biron without a rebound.
13:06 of 3rd period - Steven Zalewski wins face-off versus Zack Hamill in Blackdemons zone.
13:19 of 3rd period - Snap shot by Jakub Kindl.
13:19 of 3rd period - Shot Misses the Net.
13:27 of 3rd period - Jakub Kindl is hit by Garnet Exelby and loses puck.
13:42 of 3rd period - Wrist shot by Steven Zalewski.
13:42 of 3rd period - Stopped by Dany Sabourin with a rebound.
13:56 of 3rd period - Minor Penalty to Luca Caputi for Holding.
13:57 of 3rd period - Wayne Primeau wins face-off versus Zack Hamill in Blackdemons zone.
13:57 of 3rd period - Wayne Primeau is hit by Zack Hamill.
14:09 of 3rd period - Slapshot by Marco Scandella.
14:09 of 3rd period - Stopped by Martin Biron with a rebound.
14:34 of 3rd period - Minor Penalty to Alex Chiasson for Hooking.
14:35 of 3rd period - Zack Hamill wins face-off versus Wayne Primeau in Knights zone.
14:57 of 3rd period - Icing by Zbynek Michalek.
14:58 of 3rd period - Wayne Primeau wins face-off versus Zack Hamill in Knights zone.
15:56 of 3rd period - Penalty to Luca Caputi is over, Luca Caputi is back on ice.
16:09 of 3rd period - Michael Raffl is hit by Alyn McCauley and loses puck.
16:34 of 3rd period - Penalty to Alex Chiasson is over, Alex Chiasson is back on ice.
17:05 of 3rd period - Icing by Brendon Nash.
17:06 of 3rd period - Wayne Primeau wins face-off versus James Wright in Blackdemons zone.
17:19 of 3rd period - Garnet Exelby is hit by Brendon Nash and loses puck.
17:33 of 3rd period - Icing by Barry Tallackson.
17:34 of 3rd period - Joe Colborne wins face-off versus Shawn Matthias in Blackdemons zone.
17:37 of 3rd period - Slapshot by Joe Colborne.
17:37 of 3rd period - Stopped by Martin Biron without a rebound.
17:38 of 3rd period - Joe Colborne wins face-off versus Shawn Matthias in Blackdemons zone.
17:41 of 3rd period - Snap shot by Joe Colborne.
17:41 of 3rd period - Stopped by Martin Biron with a rebound.
17:43 of 3rd period - Snap shot by Joe Colborne.
17:43 of 3rd period - Shot Misses the Net.
17:45 of 3rd period - Snap shot by Colton Gillies.
17:45 of 3rd period - Shot Misses the Net.
17:47 of 3rd period - Slapshot by Nikita Nikitin.
17:47 of 3rd period - Shot Blocked by Nate Prosser.
17:49 of 3rd period - Slapshot by Joe Colborne.
17:49 of 3rd period - Shot Blocked by Zach Boychuk.
17:51 of 3rd period - Wrist shot by Nikita Nikitin.
17:51 of 3rd period - Stopped by Martin Biron without a rebound.
17:52 of 3rd period - Alyn McCauley wins face-off versus Zack Hamill in Blackdemons zone.
18:07 of 3rd period - Slapshot by Alyn McCauley.
18:07 of 3rd period - Shot Misses the Net.
18:13 of 3rd period - Matt Calvert is hit by Chris Thorburn and loses puck.
18:26 of 3rd period - Wrist shot by Alex Chiasson.
18:26 of 3rd period - Shot Misses the Net.
18:39 of 3rd period - Off-side.
18:40 of 3rd period - Shawn Matthias wins face-off versus Joe Colborne in neutral zone.
18:43 of 3rd period - Eric Gelinas is hit by Brendon Nash and loses puck.
19:13 of 3rd period - Wrist shot by Chris Thorburn.
19:13 of 3rd period - Shot Blocked by Brendon Nash.
Goals for this period are 2 for Blackdemons vs 1 for Knights.
Shots for this period are 9 for Blackdemons vs 11 for Knights.

Overtime #1


0:01 of 1st overtime period - Wayne Primeau wins face-off versus Zack Hamill in neutral zone.
0:40 of 1st overtime period - Snap shot by Shawn Matthias.
0:40 of 1st overtime period - Stopped by Dany Sabourin without a rebound.
0:41 of 1st overtime period - Shawn Matthias wins face-off versus Zack Hamill in Knights zone.
0:42 of 1st overtime period - Wrist shot by Barry Tallackson.
0:42 of 1st overtime period - Goal by Barry Tallackson - Blackdemons : 5 - Knights : 4.
Goals for this period are 1 for Blackdemons vs 0 for Knights.
Shots for this period are 2 for Blackdemons vs 0 for Knights.


Output by the SimonT Hockey Simulator (STHS) for François Prévost -- Original Page W3C XHTML 1.0 Valid
Hockey Simulator - Hockey Simulation - Hockey Manager